 Dungeon Crawl Stone Soup version 0.27.1-33-g824d729ab1 (webtiles) character file.

Game seed: 5382941723203136554

221 SensoryNuts the Cudgeller (level 5, -2/53 HPs)
             Began as a Troll Monk on Dec 6, 2021.
             Was a Priest of Okawaru.
             Slain by Sigmund (13 damage)
             ... on level 4 of the Dungeon.
             The game lasted 00:04:09 (2555 turns).

SensoryNuts the Cudgeller (Troll Monk)              Turns: 2555, Time: 00:04:10

Health: -2/53      AC:  4    Str: 17 (20) XL:     5   Next: 65%
Magic:  4/4        EV: 10    Int:  3 (6)  God:    Okawaru [***...]
Gold:   185        SH:  0    Dex: 10 (12) Spells: 4/4 levels left

rFire    . . .     SeeInvis .   a - +0 mace
rCold    . . .     Faith    .   (no shield)
rNeg     . . .     Spirit   .   b - +0 robe
rPois    .         Reflect  .   (helmet restricted)
rElec    .         Harm     .   (no cloak)
rCorr    .         Rampage  .   (gloves unavailable)
Will     .....                  (boots unavailable)
Stlth    +.........             (no amulet)
HPRegen  1.17/turn              (no ring)
MPRegen  0.09/turn              (no ring)

@: no status effects
A: large, unfitting armour, claws 3, regeneration 1, shaggy fur 1, tough skin 1
a: Renounce Religion, Heroism


You were on level 4 of the Dungeon.
You worshipped Okawaru.
Okawaru was most pleased with you.
You visited 1 branch of the dungeon, and saw 4 of its levels.

You collected 185 gold pieces.

Inventory:

Hand Weapons
 a - a +0 mace (weapon)
Armour
 b - a +0 robe (worn)
Magical Staves
 i - a staff of death
Jewellery
 e - a ring of poison resistance
 k - an amulet of guardian spirit
Scrolls
 d - 2 scrolls of identify
 j - a scroll of teleportation
Potions
 g - a potion of degeneration


   Skills:
 + Level 3.2 Fighting
 + Level 4.2 Maces & Flails
 + Level 3.6 Dodging
 + Level 1.2 Stealth


You had 4 spell levels left.
You didn't know any spells.
Your spell library contained the following spells:

 Spells                   Type           Power      Damage    Failure   Level
 Shock                    Conj/Air       0%         1d3       52%         1
 Corpse Rot               Necr/Air       N/A        N/A       67%         2
 Mephitic Cloud           Conj/Pois/Air  0%         N/A       88%         3
 Swiftness                Air            0%         N/A       88%         3
 Airstrike                Air            0%         N/A       99%         4
 Olgreb's Toxic Radiance  Pois           0%         N/A       99%         4
 Agony                    Necr           0%         N/A       100%        5


Dungeon Overview and Level Annotations

Branches:
Dungeon (4/15)
 Temple: D:4-7

Altars:
Okawaru
Sif Muna
Vehumet

Annotations:
D:4 3 runed translucent doors, Sigmund; ces's ghost, amateur SpBr


Innate Abilities, Weirdness & Mutations

You are too large for most types of armour.
You have claws for hands.
Your natural rate of healing is unusually fast.
You are covered in fur. (AC +1)
You have tough skin. (AC +1)


Message History

You kill the endoplasm!
Okawaru accepts your kill. The goblin hits you with a +0 club.
You see here a hobgoblin corpse.
You thump the goblin!
You kill the goblin!
Okawaru accepts your kill.
You closely miss the orc. The orc hits you with a +0 short sword.
You hit the orc.
The orc is severely wounded.
Something hits you. The orc hits you with a +0 short sword.
You hit the orc.
You kill the orc!
Okawaru accepts your kill. Something hits you.
You hear some strange, mumbled words.
Something tries to affect you, but you resist.
Items here: )) [ †.
You closely miss something. Something hits you!
You barely miss something. Something hits you!
You closely miss something. You hit something.
You hear some strange, mumbled words.
You are confused.
You bump into the rock wall.
Something hits you!
* * * LOW HITPOINT WARNING * * *
You bump into the rock wall.
Something hits you.
* * * LOW HITPOINT WARNING * * *
You see here a hobgoblin corpse.
Something hits you.
* * * LOW HITPOINT WARNING * * *
Items here: )) [ †.
You bump into the rock wall.
Something hits you.
* * * LOW HITPOINT WARNING * * *
You bump into the rock wall.
You feel less confused.
You hit something. Something hits you!
* * * LOW HITPOINT WARNING * * *
You closely miss something. Something hits you!
You die...

..#.#####)....#.).......)J..
....#....÷...<#.#.........<#
#.###†#............#.###
#.#.....###.##...#
#.#......##.##.###
..#......##....#####
###..............J.o
#{################ #@#
#.#####†# #.......#
#########


There were no monsters in sight!

Vanquished Creatures
  A scorpion (D:4)
  A hound (D:4)
  Terence (D:3)
  2 adders
  An ufetubus (D:4)
  2 worms
  3 dart slugs
  4 orcs
  4 bats
  6 endoplasms
  A giant cockroach (D:1)
  7 goblins
  10 hobgoblins
  3 jackals (D:4)
  4 quokkas
  7 ball pythons
  3 frilled lizards
  9 kobolds
  5 rats
74 creatures vanquished.

Vanquished Creatures (others)
  A plant (D:3)
1 creature vanquished.

Grand Total: 75 creatures vanquished

Notes
Turn   | Place    | Note
-------+----------+-------------------------------------------
     0 | D:1      | SensoryNuts the Troll Monk began the quest for the Orb.
     0 | D:1      | Reached XP level 1. HP: 22/22 MP: 0/0
    50 | D:1      | Reached XP level 2. HP: 29/29 MP: 1/1
   408 | D:1      | Reached skill level 3 in Maces & Flails
   806 | D:2      | Reached XP level 3. HP: 31/36 MP: 2/2
   897 | D:2      | Found a shimmering blue altar of Sif Muna.
  1224 | D:2      | Found a faded altar of an unknown god.
  1229 | D:2      | Became a worshipper of Warmaster Okawaru
  1229 | D:2      | Reached * piety under Okawaru
  1229 | D:2      | Reached ** piety under Okawaru
  1404 | D:3      | Reached XP level 4. HP: 41/44 MP: 3/3
  1466 | D:3      | Found a radiant altar of Vehumet.
  1516 | D:3      | Got the Incunabulum of Virous Stolen Souls
  1726 | D:3      | Noticed Terence
  1742 | D:3      | Killed Terence
  1742 | D:3      | Reached *** piety under Okawaru
  2292 | D:4      | Noticed a scorpion
  2301 | D:4      | Killed a scorpion
  2302 | D:4      | Reached skill level 4 in Maces & Flails
  2302 | D:4      | Reached XP level 5. HP: 34/53 MP: 4/4
  2365 | D:4      | Found a runed translucent gate.
  2366 | D:4      | Found a runed translucent gate.
  2366 | D:4      | Found a runed translucent gate.
  2366 | D:4      | Noticed ces's ghost (amateur SpBr)
  2373 | D:4      | Noticed Sigmund
  2381 | D:4      | Identified a scroll of acquirement
  2381 | D:4      | Acquired a scarf of harm
  2555 | D:4      | Slain by Sigmund

Illustrated notes

Levels and vault maps discovered:
D:1:      dpeg_arrival_morbid_curiosity, layout_basic
D:2:      layout_loops_cross, shapermc_ecumenical_altar_mp_highgroup,
          basic_altar, minmay_heptomino_d4
D:3:      layout_basic, mainiacjoe_overflow_boulevard, uniq_terence
D:4:      layout_basic, gammafunk_ghost_necromancy, minmay_goblin_kobold_house,
          uniq_sigmund

Skill      XL: |  1  2  3  4 |
---------------+-------------+-----
Maces & Flails | 3 4 |  4.2
Dodging        | 3 |  3.6
Fighting       | 3 |  3.2
Stealth        | |  1.2

Action                   |  1- 3 |  4- 6 || total
-------------------------+-------+-------++-------
Melee: Mace              |   129 |   136 ||   265
  Use: Scroll            |       |     3 ||     3
       Potion            |       |     3 ||     3
 Stab: Sleeping          |     5 |       ||     5
Armor: Robe              |    72 |    96 ||   168
       Skin              |       |    92 ||    92
Dodge: Dodged            |    87 |   184 ||   271
